Map: Ascension to Aiur LE

Players

globin

  • Race: Terran Terran
  • Spawn Location: 11:00

landen - Winner!

  • Race: Zerg Zerg
  • League: Silver
  • Spawn Location: 5:00

VOD

Have the link to the VOD?

Description

Time

  • Played on: Dec. 30, 2017, 10:06 p.m.
  • Length: 17:40
Show
View Real Time Build Order
Export as new Build Order

globin Terran 

Build Orders:  

Get SALT Encoding   

  12  0:01  SCV  
  13  0:13  SCV  
  14  0:21  Supply Depot  
  14  0:26  SCV  
  15  0:35  Supply Depot  
  15  0:42  Refinery  
  15  0:51  Supply Depot  
  15  0:54  SCV  
  16  1:06  Refinery  
  16  1:08  SCV  
  16  1:19  Supply Depot  
  16  1:20  SCV  
  17  1:35  Barracks  
  17  1:42  SCV  
  18  1:48  Refinery  
  18  1:54  SCV  
  19  2:06  SCV  
  20  2:18  SCV  
  21  2:23  Factory, Barracks Tech Lab  
  21  2:30  SCV  
  24  2:49  Reaper  
  24  2:50  SCV  
  24  2:56  Factory  
  24  3:13  Factory Tech Lab  
  24  3:17  Combat Shields  
  24  3:21  Reaper  
  24  3:25  Orbital Command  
  25  3:33  Armory  
  25  3:41  Factory Reactor  
  25  3:52  Marine  
  25  4:10  Marine  
  25  4:15  Siege Tank  
  28  4:18  Hellion x2  
  32  4:26  Terran Vehicle Weapons Level 1, Supply Depot  
  32  4:28  Marine  
  33  4:39  Hellion  
  33  4:43  Hellion  
  37  4:56  Marine  
  37  4:58  Concussive Shells  
  38  5:03  Supply Depot  
  38  5:05  Hellion  
  38  5:06  Hellion  
  42  5:09  Smart Servos  
  42  5:13  Marine  
  43  5:32  Hellion x2  
  47  5:36  Siege Tank, Marine  
  51  5:53  Engineering Bay, Hellion  
  51  5:54  Hellion  
  51  5:55  Marauder  
  57  6:03  Supply Depot  
  57  6:08  Hellion x4  
  51  6:34  Hellion  
  51  6:35  Hellion  
  55  6:43  Marauder  
  55  6:44  Terran Vehicle And Ship Armor Level 1  
  55  6:46  Infernal Pre-Igniter  
  57  6:48  Siege Tank  
  60  6:54  Terran Infantry Weapons Level 1  
  60  6:56  Hellion x2  
  64  7:31  Hellion  
  64  7:32  Hellion  
  68  7:49  Command Center  
  68  7:52  Missile Turret  
  65  8:12  Missile Turret  
  38  8:32  Hellion x2  
  38  8:33  Missile Turret  
  42  8:38  Marine  
  42  8:40  Terran Vehicle Weapons Level 2  
  43  8:51  Hellion  
  43  8:53  Hellion x2  
  47  8:55  Marine  
  44  9:15  Hellion x2  
  48  9:29  Marine  
  49  9:36  Hellion x2  
  53  9:39  Planetary Fortress  
  53  9:45  Missile Turret  
  53  9:47  Marine  
  54  10:05  Marine  
  54  10:06  Missile Turret  
  30  10:34  Hellion x2  
  34  10:41  Marine  
  35  10:51  Supply Depot  
  35  10:54  SCV  
  35  10:55  Hellion  
  35  10:56  Hellion  
  40  10:58  Marine  
  41  11:07  SCV  
  41  11:27  Hellion  
  41  11:28  Hellion  
  41  11:31  Marine  
  44  11:49  Hellion x2  
  48  11:59  SCV  
  45  12:10  Hellion x2  
  45  12:11  SCV  
  45  12:13  Siege Tank  
  52  12:23  SCV  
  42  12:47  Hellion x2  
  46  12:56  SCV  
  47  13:08  SCV  
  47  13:12  Siege Tank  
  51  13:20  SCV  
  51  13:26  Terran Vehicle And Ship Armor Level 2  
  52  13:29  Hellion x2  
  52  13:32  SCV  
  56  13:41  Marine  
  56  13:50  Bunker  
  56  13:54  Hellion x2  
  60  13:59  Marine  
  61  14:06  SCV  
  62  14:15  Hellion x2  
  66  14:17  Marine  
  66  14:18  SCV  
  68  14:30  SCV  
  69  14:33  Missile Turret  
  69  14:35  Marine  
  70  14:40  Hellion x2, Siege Tank  
  70  14:42  SCV  
  78  14:54  SCV  
  79  15:01  Hellion x2  
  79  15:07  SCV  
  74  15:25  Hellion x2  
  78  15:41  Hellion  
  80  15:47  Hellion  
  78  16:18  Hellion x2  
  82  16:40  Hellion x2, Command Center  
  76  17:01  Hellion x2  
Show
View Real Time Build Order
Export as new Build Order

landen Zerg - Winner!

Build Orders: Hatch First 

Get SALT Encoding   

  12  0:01  Drone  
  13  0:09  Drone  
  14  0:18  Overlord  
  14  0:52  Drone x2  
  14  0:54  Drone  
  17  0:58  Hatchery  
  16  1:17  Spawning Pool  
  15  1:18  Drone x2  
  17  1:29  Drone  
  17  1:32  Extractor  
  17  1:54  Drone  
  17  1:55  Drone  
  19  2:11  Zergling x6, Queen  
  24  2:21  Zergling x2  
  25  2:33  Metabolic Boost  
  25  2:34  Hatchery  
  24  2:43  Zergling x6  
  27  2:54  Overlord  
  27  3:09  Zergling x2  
  27  3:11  Queen  
  30  3:31  Drone  
  30  3:32  Drone x2  
  33  3:38  Drone  
  33  3:39  Drone x2  
  36  3:45  Queen  
  38  3:49  Overlord  
  38  4:23  Zergling x10  
  43  4:31  Extractor  
  43  4:33  Queen  
  43  4:34  Drone x3  
  45  5:06  Roach Warren  
  44  5:10  Drone x3  
  47  5:15  Extractor  
  47  5:18  Baneling Nest  
  47  5:19  Drone x2  
  47  5:20  Zergling x4  
  49  5:21  Overlord x2  
  49  5:38  Lair  
  49  5:43  Drone x6  
  55  5:55  Roach x3  
  55  5:56  Roach x2  
  65  5:58  Overlord x2  
  50  6:30  Roach  
  50  6:31  Roach x12  
  74  6:33  Queen  
  76  6:49  Drone x3  
  76  6:50  Roach  
  82  6:54  Drone  
  82  6:55  Overlord  
  82  7:13  Overlord, Queen  
  84  7:18  Ravager x3  
  87  7:26  Zergling x2  
  87  7:27  Zergling x4  
  90  7:33  Ravager  
  91  7:39  Extractor  
  91  7:40  Drone x2  
  91  7:41  Extractor  
  91  7:42  Overseer  
  91  7:46  Drone x3  
  91  7:50  Extractor  
  61  8:24  Roach x10  
  61  8:25  Roach x2  
  75  8:30  Roach x2  
  76  8:38  Drone  
  77  8:47  Roach x4  
  77  8:48  Roach x2  
  83  9:17  Ravager x4  
  84  9:20  Zergling x2  
  84  9:21  Zergling x16  
  84  9:23  Drone x2  
  98  9:26  Overlord  
  98  9:47  Ravager x4  
  98  9:49  Ravager  
  103  9:55  Roach  
  103  9:56  Overlord  
  103  9:57  Overlord x4  
  106  10:14  Zergling x2  
  106  10:15  Zergling x2  
  89  10:37  Ravager x3  
  89  10:38  Ravager x2  
  89  10:40  Roach x6  
  89  10:41  Zergling x6  
  109  10:58  Spire  
  108  11:05  Infestation Pit  
  108  11:07  Drone  
  108  11:08  Drone  
  98  11:48  Ravager x6  
  104  11:55  Swarm Host  
  63  12:46  Roach  
  63  12:47  Roach x9  
  84  13:16  Burrow  
  84  13:17  Hive  
  84  13:22  Ravager x3  
  111  13:44  Hatchery  
  107  14:02  Ravager x4  
  111  14:38  Ravager  
  111  14:39  Ravager x2  
  108  15:22  Overlord  
  108  15:23  Overlord x8  
  108  15:31  Greater Spire  
  108  15:35  Drone x3, Queen  
  113  16:13  Overlord x2  
  113  16:14  Corruptor x10  
  133  16:32  Extractor  
  132  16:33  Extractor  
  132  16:36  Corruptor x6  
  143  16:46  Roach  
  153  16:47  Roach x4  
Tags
 
Add a new tag
Caveats
  • Supply blocks, unpowered buildings, or Contaminate may cause inaccurate times.
  • Supply counts are checked every 10 seconds.